 Dungeon Crawl Stone Soup version 0.29-a0-834-g1e95ca9f62 (webtiles) character file.

Game seed: 15429690794292430094

55 purpskrrrp the Sneak (level 3, -4/16 HPs)
             Began as a Vine Stalker Enchanter on July 13, 2022.
             Slain by a gnoll
             ... wielding a +0 halberd
              (8 damage)
             ... on level 3 of the Dungeon.
             The game lasted 00:04:45 (1992 turns).

purpskrrrp the Sneak (Vine Stalker Enchanter)       Turns: 1992, Time: 00:04:46

Health: -4/16      AC:  2    Str: 10    XL:     3   Next: 93%
Magic:  0/7        EV: 12    Int: 15    God:
Gold:   80         SH:  0    Dex: 16    Spells: 6/6 levels left

rFire   . . .      SeeInvis .   d - +3 short sword
rCold   . . .      Faith    .   (no shield)
rNeg    . . .      Spirit   +   b - +0 robe
rPois   .          Reflect  .   (no helmet)
rElec   .          Harm     .   (no cloak)
rCorr   .          Rampage  .   (no gloves)
Will    .....                   (no boots)
Stlth   +++.......              (no amulet)
HPRegen 0.05/turn               (no ring)
MPRegen 0.10/turn               (no ring)

@: about to teleport
A: fangs 2, magic shield, antimagic bite, no potion heal 2
a: no special abilities


You were on level 3 of the Dungeon.
You visited 1 branch of the dungeon, and saw 3 of its levels.

You collected 80 gold pieces.

Inventory:

Hand Weapons
 a - a +1 dagger
 d - a +3 short sword (weapon)
Armour
 b - a +0 robe (worn)
Scrolls
 c - a scroll of amnesia {unknown}
 l - a scroll of identify {unknown}
 m - a scroll of blinking {unknown}
Potions
 e - 2 potions of flight {unknown}
 g - a potion of attraction {unknown}
 h - a potion of ambrosia {unknown}
 i - a potion of might {unknown}
 j - a potion of degeneration {unknown}
 k - a potion of berserk rage {unknown}


   Skills:
 + Level 0.2 Fighting
 * Level 1.4 Short Blades
 + Level 1.6 Dodging
 * Level 4.9 Stealth
 + Level 2.4 Spellcasting
 + Level 3.3 Hexes


You had 6 spell levels left.
You didn't know any spells.
Your spell library contained the following spells:

 Spells                   Type           Power      Damage    Failure   Level
 Ensorcelled Hibernation  Hex/Ice        12%        N/A       16%         2
 Confusing Touch          Hex            11%        N/A       16%         3
 Tukima's Dance           Hex            11%        N/A       16%         3
 Dazzling Flash           Conj/Hex       12%        N/A       32%         3


Dungeon Overview and Level Annotations

Branches:
Dungeon (3/15)

Altars:
Yredelemnul

Annotations:
D:3 1 runed translucent door


Innate Abilities, Weirdness & Mutations

You have extremely sharp teeth.
When hurt, damage is shared between your health and your magic reserves.
Your bite disrupts and absorbs the magic of your enemies.
Potions cannot restore your health.


Message History

You kill the adder!
No target in view!
c - a scroll labelled IFAXKIL XIATYE
There is a stone staircase leading up here.
Found 10 gold pieces.
You now have 80 gold pieces (gained 10).
Found a scroll labelled YKOTEL XOOGH.
m - a scroll labelled YKOTEL XOOGH
Found a stone staircase leading up.
A ball python comes into view.
The ball python hisses angrily.
You hit the ball python.
You kill the ball python!
No target in view!
Found a whip.
A gnoll comes into view. It is wielding a +0 halberd.
You see here a +0 whip.
A gnoll comes into view.
It is wielding a +0 flail. 2 gnolls come into view.
A gnoll is wielding a +2 whip of electrocution.
The gnoll closely misses you.
You hit the gnoll. Your bite misses the gnoll.
The gnoll is moderately wounded.
The gnoll hits you with a +0 flail!
You puncture the gnoll!
The gnoll is almost dead.
The gnoll shouts!
The gnoll hits you but does no damage.
You puncture the gnoll!
You kill the gnoll!
The gnoll hits you from afar with a +0 halberd!
Ouch! That really hurt!
* * * LOW HITPOINT WARNING * * *
You are too injured to fight recklessly!
You see here a +0 whip.
As you read the scroll of teleportation, it crumbles to dust.
You feel strangely unstable.
The gnoll hits you from afar with a +0 halberd!
Ouch! That really hurt!
You die...

###########
..........
###......##########
#......g...........
.........g..#
#.#...)..##@#
#########.# #.# #.#
#.# #.# #.# #.# #.#


You could see 2 gnolls.

Vanquished Creatures
  A gnoll (D:3)
  An adder (D:3)
  A dart slug (D:1)
  3 ball pythons
  3 endoplasms
  3 giant cockroaches (D:1)
  5 goblins
  2 hobgoblins
  3 kobolds (D:1)
  3 bats
  A frilled lizard (D:1)
  7 rats
33 creatures vanquished.

Notes
Turn   | Place    | Note
-------+----------+-------------------------------------------
     0 | D:1      | purpskrrrp the Vine Stalker Enchanter began the quest for
                  | the Orb.
     0 | D:1      | Reached XP level 1. HP: 9/9 MP: 4/4
    72 | D:1      | Reached XP level 2. HP: 7/13 MP: 4/6
   340 | D:1      | Reached skill level 4 in Stealth
   917 | D:1      | Reached XP level 3. HP: 16/16 MP: 7/7
  1148 | D:1      | Reached skill level 1 in Short Blades
  1300 | D:2      | Found a faded altar of an unknown god.
  1471 | D:2      | You fall into a shaft and drop 1 floor!
  1509 | D:3      | Noticed a human
  1510 | D:3      | Found a runed translucent door.
  1764 | D:3      | Found a basalt altar of Yredelemnul.
  1992 | D:3      | Slain by a gnoll

Illustrated notes

Levels and vault maps discovered:
D:1:      giann_horns, layout_basic, eino_curves_01, minmay_misc_feat_iff,
          lemuel_another_geyser
D:2:      layout_basic, hellmonk_ecumenical_altar_arch_garden, uniq_jessica,
          uniq_robin
D:3:      minmay_razor_zed, layout_basic, dk_yredelemnul_ordeal,
          roderic_roman_lattice, minivault_4

Skill      XL: |  1  2  3 |
---------------+----------+-----
Stealth        | 4 |  4.9
Short Blades   | 1 |  1.4
Fighting       | |  0.2
Dodging        | |  1.6
Spellcasting   | |  2.4
Hexes          | |  3.3

Action                   || total
-------------------------++-------
Melee: Dagger            ||    15
       Bite              ||    24
       Short sword       ||    56
  Use: Potion            ||     2
       Scroll            ||     3
 Stab: Sleeping          ||    11
       Invisible         ||     1
Armor: Robe              ||    13
Dodge: Dodged            ||    27

Table legend: (Time is in decaauts)
 A = Elapsed time spent in this place.
 B = Non-inter-level travel time spent in this place.
 C = Inter-level travel time spent in this place.
 D = Time resting spent in this place.
 E = Time spent auto-exploring this place.
 F = Levels seen in this place.
 G = Mean time per level.
                   A        B        C        D        E       F      G
               +--------+--------+--------+--------+--------+-----+--------+
         Total |   1994 |   1911 |     83 |    201 |   1430 |   3 |  664.7 |
       Dungeon |   1994 |   1911 |     83 |    201 |   1430 |   3 |  664.7 |
               +--------+--------+--------+--------+--------+-----+--------+

Top non-repeatable levels by time:
     D:1: 1190 daAuts
     D:3: 521 daAuts
     D:2: 282 daAuts
